Map: Deathaura LE

Players

WBlake - Winner!

  • Race: Zerg Zerg
  • League: Diamond
  • Spawn Location: 5:00

Massa

  • Race: Terran Terran
  • League: Platinum
  • Spawn Location: 11:00

VOD

Have the link to the VOD?

Description

Time

  • Played on: Feb. 21, 2021, 8:19 a.m.
  • Length: 23:43
Show
View Real Time Build Order
Export as new Build Order

WBlake Zerg - Winner!

Build Orders: Hatch First 

Get SALT Encoding   

  12  0:00  Drone  
  13  0:13  Overlord  
  13  0:19  Drone  
  14  0:31  Drone x2  
  16  0:49  Hatchery  
  15  0:52  Drone  
  15  0:56  Drone  
  17  0:59  Drone  
  18  1:13  Extractor  
  18  1:15  Spawning Pool  
  18  1:18  Drone  
  17  1:22  Drone  
  18  1:30  Drone  
  19  1:42  Overlord  
  19  2:01  Zergling x2  
  19  2:02  Zergling x2  
  19  2:04  Drone, Queen x2  
  26  2:15  Metabolic Boost  
  26  2:17  Drone  
  26  2:18  Drone  
  28  2:51  Drone x6, Roach Warren  
  33  3:10  Hatchery  
  32  3:17  Drone x4, Extractor  
  32  3:18  Extractor  
  34  3:25  Overlord  
  34  3:26  Overlord  
  34  3:29  Drone x2  
  34  3:33  Overlord  
  36  3:41  Overlord  
  36  3:46  Drone x3  
  39  3:56  Roach x3  
  39  3:57  Roach  
  47  4:08  Roach x3  
  51  4:41  Overlord x2  
  51  4:43  Drone x4  
  51  4:44  Drone  
  56  4:55  Evolution Chamber  
  56  4:56  Evolution Chamber  
  56  4:58  Lair  
  54  5:02  Pneumatized Carapace  
  54  5:03  Drone x7  
  54  5:04  Drone  
  62  5:18  Drone x2  
  62  5:19  Drone x2  
  66  5:21  Queen  
  63  5:37  Ravager x2  
  63  5:38  Ravager  
  63  5:44  Queen  
  62  6:21  Queen x2  
  62  6:22  Queen  
  62  6:23  Drone x5  
  62  6:24  Drone x4  
  73  6:39  Spine Crawler  
  69  6:40  Spine Crawler x2  
  69  6:43  Spine Crawler  
  63  6:51  Roach x7  
  72  6:55  Zerg Melee Weapons Level 1  
  72  6:56  Zerg Ground Armor Level 1  
  72  7:01  Spire  
  69  7:18  Drone x3  
  69  7:19  Drone x5  
  68  7:35  Overseer x2  
  60  7:37  Spore Crawler  
  60  7:41  Spore Crawler  
  60  7:43  Spore Crawler  
  49  8:04  Drone x2  
  49  8:06  Drone  
  49  8:07  Drone  
  51  8:15  Drone  
  51  8:16  Drone x7  
  59  8:24  Zerg Flyer Weapons Level 1  
  59  8:27  Extractor  
  58  8:34  Overlord  
  58  8:36  Overlord  
  58  9:05  Mutalisk  
  58  9:06  Mutalisk x7  
  58  9:07  Mutalisk x4  
  82  9:13  Hatchery  
  82  9:16  Infestation Pit  
  80  9:19  Drone x5  
  80  9:21  Extractor x2  
  80  9:23  Queen  
  85  9:29  Zergling x4  
  85  9:30  Zergling x10  
  90  10:38  Zergling x16  
  90  10:39  Zergling x14  
  90  10:40  Zergling x2  
  104  10:44  Hive  
  104  10:46  Zerg Ground Armor Level 2, Zerg Melee Weapons Level 2  
  104  10:53  Burrow, Baneling Nest  
  104  10:55  Zerg Flyer Weapons Level 2  
  103  10:58  Drone  
  103  11:00  Overlord x5  
  103  11:01  Overlord x3  
  104  11:37  Centrifical Hooks  
  104  11:43  Baneling x3  
  104  11:44  Baneling x9  
  104  11:45  Baneling x6  
  104  11:46  Zergling x12  
  104  11:47  Zergling x18  
  117  12:11  Zergling x2  
  117  12:12  Zergling x6  
  117  12:13  Overlord x4  
  121  12:17  Infestor x2  
  121  12:18  Infestor  
  121  12:19  Ultralisk Cavern  
  126  12:23  Zergling x10  
  126  12:24  Zergling x4  
  126  12:28  Queen  
  124  13:16  Ultralisk x3  
  124  13:18  Zergling x14  
  124  13:37  Zergling x6  
  124  13:38  Zergling x6  
  101  14:01  Ultralisk x2  
  101  14:02  Zergling x16  
  111  14:03  Zergling x2  
  111  14:11  Chitinous Plating  
  111  14:18  Zergling x10  
  116  14:25  Drone x2  
  116  14:26  Drone  
  119  14:35  Drone x5  
  124  14:56  Drone x3  
  124  14:57  Drone x8  
  124  14:58  Drone x3  
  138  15:01  Queen  
  138  15:02  Queen  
  142  15:07  Zerg Melee Weapons Level 3  
  142  15:12  Zerg Ground Armor Level 3  
  142  15:15  Baneling x8  
  142  15:16  Baneling x4  
  142  15:26  Extractor, Drone x2  
  142  15:27  Extractor, Drone  
  142  15:28  Drone x4  
  145  15:30  Anabolic Synthesis  
  145  15:33  Spore Crawler  
  146  15:36  Drone x2  
  146  15:37  Drone x2  
  146  15:38  Spine Crawler x2  
  148  15:44  Ultralisk x2  
  148  15:45  Zergling x4  
  148  15:46  Zergling x6  
  165  15:56  Pathogen Glands  
  164  16:16  Zergling x2  
  164  16:17  Zergling x18  
  164  16:18  Zergling x8  
  178  16:29  Ultralisk x2  
  190  16:34  Infestor  
  190  16:35  Infestor  
  190  16:36  Hatchery  
  152  17:17  Ultralisk  
  152  17:18  Ultralisk x3  
  152  17:19  Corruptor  
  152  17:21  Zergling x10  
  152  17:22  Zergling x2  
  184  17:48  Extractor  
  184  17:50  Extractor, Spine Crawler  
  184  17:51  Spine Crawler  
  160  18:09  Zergling x4  
  160  18:10  Zergling x16  
  160  18:11  Zergling x4  
  172  18:22  Drone x4  
  172  18:23  Drone, Queen  
  179  18:29  Infestor x2  
  183  18:35  Zergling x2  
  183  18:36  Zergling x8  
  188  18:53  Corruptor  
  188  18:54  Hatchery  
  188  18:55  Overlord x3  
  189  18:56  Overlord x3  
  189  19:01  Overseer x4  
  189  19:09  Baneling x3  
  189  19:10  Baneling x8  
  189  19:11  Baneling x7  
  189  19:13  Neural Parasite  
  189  19:22  Ultralisk  
  154  19:49  Corruptor x6  
  154  19:50  Corruptor x6  
  166  20:27  Zergling x8  
  166  20:28  Zergling x16  
  176  20:29  Zergling x6  
  179  20:48  Corruptor x4  
  185  20:50  Ultralisk  
  179  21:07  Zergling x14  
  179  21:08  Zergling x6  
  135  21:54  Ultralisk x2  
  135  21:55  Ultralisk x5  
  135  21:56  Corruptor x2  
  135  21:57  Corruptor x3  
  135  21:58  Zergling x6  
  190  22:17  Hatchery  
  189  22:37  Infestor x2  
  189  22:38  Infestor  
  189  22:39  Zergling x2  
  189  22:40  Zergling x8  
  200  22:55  Extractor, Baneling x5  
  200  22:56  Extractor, Baneling x5  
Show
View Real Time Build Order
Export as new Build Order

Massa Terran 

Build Orders:  

Get SALT Encoding   

  12  0:00  SCV  
  13  0:12  SCV  
  14  0:18  Supply Depot  
  14  0:24  SCV  
  15  0:40  SCV  
  16  0:43  Barracks  
  16  0:49  Refinery  
  16  0:52  SCV  
  17  1:04  SCV  
  18  1:16  SCV  
  19  1:30  Orbital Command  
  19  1:39  Command Center  
  19  1:55  Factory  
  19  2:02  SCV  
  19  2:05  Supply Depot  
  20  2:11  Barracks Reactor  
  20  2:23  SCV  
  21  2:35  SCV  
  22  2:42  Hellion  
  22  2:43  Refinery  
  24  2:48  SCV, Marine x2  
  24  2:49  Refinery  
  27  2:58  Orbital Command  
  27  3:07  SCV  
  28  3:19  SCV  
  29  3:30  Hellion x2  
  29  3:31  Barracks Tech Lab  
  29  3:32  SCV x2  
  34  3:39  Starport  
  34  3:44  SCV x2  
  36  3:51  Hellion  
  36  3:52  Hellion  
  40  3:55  Engineering Bay  
  40  3:56  SCV x2  
  40  3:57  Barracks  
  40  4:01  Barracks  
  42  4:04  Supply Depot  
  42  4:10  SCV  
  42  4:13  Hellion  
  45  4:26  Hellion  
  47  4:34  Hellion  
  47  4:35  SCV  
  47  4:36  SCV  
  47  4:38  Starport Tech Lab  
  51  4:41  Stimpack  
  51  4:47  Hellion  
  51  4:48  SCV  
  51  4:50  Missile Turret  
  51  4:52  Barracks Reactor x2  
  54  5:07  Supply Depot  
  54  5:09  Cloaking Field  
  54  5:12  Supply Depot  
  54  5:28  Banshee  
  54  5:29  Widow Mine x2, SCV  
  54  5:33  SCV  
  54  5:34  Marauder  
  65  5:41  SCV  
  66  5:44  Marine x4  
  70  5:54  Missile Turret, Supply Depot x2  
  70  6:15  Banshee, Marine x2, SCV  
  70  6:16  Marauder  
  77  6:19  Marine  
  78  6:28  Supply Depot x2  
  78  6:30  Supply Depot  
  78  6:31  Terran Infantry Weapons Level 1, Supply Depot  
  78  6:34  Command Center  
  78  6:48  Barracks Tech Lab  
  78  6:49  Marine x3  
  81  7:03  Supply Depot  
  61  7:30  Marauder, Marine x4  
  57  7:48  Marine  
  60  7:51  Marauder  
  60  7:54  SCV x2  
  59  8:06  SCV x2  
  63  8:13  Marauder  
  63  8:14  Factory Tech Lab  
  63  8:19  Marine x4  
  64  8:27  SCV  
  64  8:28  SCV  
  68  8:34  Refinery, Marauder  
  68  8:37  Marine  
  68  8:39  SCV, Planetary Fortress  
  68  8:40  SCV  
  68  8:41  Banshee  
  74  8:50  Starport  
  74  8:52  SCV x2, Barracks  
  74  8:53  Terran Infantry Armor Level 1  
  74  8:54  Starport  
  78  8:55  Marauder  
  78  8:57  Armory  
  78  9:04  SCV, Siege Tank  
  78  9:05  Combat Shield  
  78  9:08  SCV  
  83  9:13  Sensor Tower  
  83  9:14  Marine x4  
  83  9:16  SCV, Marine  
  89  9:20  SCV  
  89  9:23  Banshee  
  93  9:27  Barracks  
  93  9:31  Starport Reactor  
  93  9:32  Starport Tech Lab, Marine x3  
  93  9:33  Marine  
  93  9:34  Marine  
  93  9:36  Siege Tank  
  93  9:38  Supply Depot  
  101  9:42  SCV x3  
  101  9:43  Supply Depot  
  104  9:49  Marine x2  
  104  9:50  Marine  
  107  9:54  SCV x3  
  107  9:56  Missile Turret  
  107  9:58  Command Center  
  110  10:03  Supply Depot  
  110  10:06  Banshee, SCV  
  111  10:07  Supply Depot  
  111  10:14  Missile Turret x2  
  108  10:15  Missile Turret x2  
  108  10:18  Barracks Reactor, Barracks Tech Lab, Marauder, Marine x3  
  108  10:19  Marine  
  99  10:35  Marine  
  99  10:36  Marine x2  
  99  10:37  Medivac x3  
  99  10:39  Marauder  
  110  10:48  Missile Turret  
  110  10:49  Medivac  
  112  10:50  Missile Turret  
  112  10:54  Missile Turret  
  112  10:59  Missile Turret x2  
  112  11:01  SCV  
  112  11:02  SCV x2, Missile Turret  
  112  11:03  Missile Turret  
  115  11:06  Siege Tank  
  115  11:07  Medivac  
  115  11:08  Drilling Claws  
  115  11:11  Concussive Shells  
  120  11:12  Missile Turret  
  120  11:13  SCV  
  120  11:14  SCV x2  
  122  11:19  Marine x2  
  122  11:20  Marine x3  
  127  11:26  SCV  
  127  11:32  Planetary Fortress  
  128  11:39  Marine  
  132  11:40  Marauder x2, Missile Turret  
  132  11:46  Missile Turret  
  133  11:47  Missile Turret  
  133  11:50  Widow Mine  
  137  12:01  Marauder  
  133  12:09  Missile Turret x2  
  133  12:12  Widow Mine, Missile Turret  
  133  12:14  SCV x4, Missile Turret  
  133  12:15  Missile Turret  
  139  12:24  Missile Turret  
  139  12:26  SCV x4  
  139  12:27  Smart Servos  
  139  12:28  Medivac x2  
  147  12:33  Widow Mine  
  149  12:38  SCV x3  
  149  12:41  Sensor Tower  
  152  12:44  Sensor Tower, Missile Turret  
  152  12:51  Marauder x2, Marine x6  
  162  13:12  Marauder x2  
  158  13:31  Marine  
  158  13:32  Marine x4  
  158  13:33  Marauder x2  
  118  13:42  Marine  
  118  13:43  SCV  
  118  13:44  SCV x3  
  123  13:49  Marine x3  
  123  13:50  Marine  
  123  13:55  Marauder x2  
  113  13:56  SCV x4, Marine  
  113  14:00  Marine  
  113  14:07  Marine x3  
  113  14:08  SCV, Marine  
  109  14:14  Marine  
  109  14:16  Marauder x2, Thor  
  110  14:18  Marine  
  110  14:19  SCV x3  
  110  14:20  SCV  
  115  14:25  Marine x4, Medivac x2  
  115  14:27  Medivac  
  115  14:28  Medivac  
  115  14:31  SCV x3  
  129  14:32  Refinery, SCV  
  129  14:34  Refinery  
  129  14:38  Terran Infantry Weapons Level 2, Marauder x2  
  135  14:42  Engineering Bay  
  135  14:43  SCV  
  135  14:45  Terran Vehicle And Ship Armor Level 1  
  136  14:48  Refinery  
  136  14:51  Refinery  
  136  14:54  Medivac  
  136  14:59  Thor  
  144  15:08  Marauder x2, Marine x4  
  144  15:09  Marine x2  
  144  15:14  Command Center  
  154  15:22  Factory  
  154  15:24  Factory  
  154  15:26  Sensor Tower, Marine x4  
  158  15:29  Terran Infantry Armor Level 2, Marauder  
  160  15:42  Marine x2  
  162  15:43  Marine  
  162  15:47  Siege Tank  
  166  15:51  Marauder  
  166  15:52  Infernal Pre-Igniter  
  166  15:54  SCV x4  
  172  16:06  SCV  
  172  16:07  SCV x2  
  171  16:20  Command Center  
  171  16:23  Factory Reactor  
  171  16:24  Factory Tech Lab  
  171  16:33  Supply Depot x2  
  171  16:37  Supply Depot  
  171  16:39  Supply Depot x2  
  171  16:41  Supply Depot  
  171  16:43  Supply Depot  
  171  16:54  Thor  
  171  16:55  Marauder, Siege Tank  
  171  16:58  Supply Depot  
  171  17:00  Supply Depot  
  182  17:01  Supply Depot  
  163  17:18  Command Center  
  167  17:22  Widow Mine  
  167  17:23  Widow Mine  
  167  17:24  Marauder x2, Marine x3  
  167  17:27  Siege Tank  
  167  17:28  Terran Infantry Weapons Level 3  
  177  17:37  Thor  
  177  17:44  Widow Mine x2  
  187  17:45  Marauder x2  
  135  17:59  Liberator x2, Siege Tank  
  135  18:00  Liberator x2  
  135  18:05  Widow Mine  
  152  18:06  Marauder  
  152  18:07  Marauder  
  150  18:19  Planetary Fortress  
  150  18:22  SCV x3  
  153  18:27  Widow Mine x2  
  153  18:30  Marauder x2, Marine x2  
  153  18:34  SCV x2  
  165  18:42  Liberator x4  
  165  18:46  Missile Turret  
  165  18:47  Missile Turret  
  177  18:49  Widow Mine x2  
  177  18:51  Marauder x2  
  177  18:55  Sensor Tower  
  185  19:04  Sensor Tower  
  185  19:10  SCV x4  
  185  19:11  SCV  
  190  19:22  SCV x2  
  192  19:25  Liberator x2  
  198  19:43  Marauder, Marine x2  
  198  19:44  Marauder, Marine x4  
  149  20:01  Marine x3  
  149  20:02  Marine  
  149  20:05  Marauder x2  
  149  20:06  Marine x2  
  159  20:08  Widow Mine x2  
  159  20:09  Thor x2  
  175  20:17  Refinery  
  175  20:18  Refinery  
  175  20:19  Marine x2  
  175  20:20  Sensor Tower  
  177  20:26  Marauder x2  
  181  20:29  Widow Mine  
  181  20:30  Widow Mine  
  173  20:47  Marauder  
  173  20:48  Marauder  
  173  20:49  Marine x2  
  161  20:50  Marine  
  161  20:51  Widow Mine  
  142  21:01  Marine x2  
  142  21:02  Marine  
  142  21:04  Liberator x4  
  126  21:09  Marauder x2  
  128  21:30  Marauder x2  
  132  21:33  Command Center, Siege Tank x2  
  134  21:46  Liberator  
  115  21:51  Marauder  
  115  21:52  Marauder  
  109  22:05  Siege Tank  
  112  22:13  Marauder x2  
  112  22:15  Planetary Fortress  
  116  22:32  Missile Turret  
  116  22:33  Marine x3  
  116  22:34  Marauder, Marine x3  
  116  22:35  Marauder  
  116  22:36  Missile Turret x2  
  126  22:39  Hi-Sec Auto Tracking  
  126  22:51  Marine x3  
  126  22:52  Marine x3  
  126  22:56  Marauder x2  
  100  23:09  Marine  
  98  23:17  Marauder x2  
  93  23:20  Widow Mine x3  
  93  23:21  Widow Mine  
Tags
 
Matchup
TvZ
Replay Pack
Multiplayer
Spawn Locations
Cross Positions
Add a new tag
Caveats
  • Supply blocks, unpowered buildings, or Contaminate may cause inaccurate times.
  • Supply counts are checked every 10 seconds.